 Dungeon Crawl Stone Soup version 0.30-a0-137-gd8773701ce (webtiles) character file.

Game seed: 4938412637497000556

361 jimonade the Shooter (level 6, -2/44 HPs)
             Began as a Formicid Hunter on Sept 22, 2022.
             Was an Initiate of Hepliaklqana.
             Slain by an iguana (8 damage)
             ... on level 4 of the Dungeon.
             The game lasted 00:07:16 (3321 turns).

jimonade the Shooter (Formicid Hunter)              Turns: 3321, Time: 00:07:16

Health: -2/44      AC:  5    Str: 15    XL:     6   Next: 99%
Magic:  6/6        EV: 10    Int:  9    God:    Hepliaklqana [......]
Gold:   290        SH: 12    Dex: 19    Spells: 5/5 levels left

rFire   . . .      SeeInvis +    a - +0 shortbow
rCold   + + .      Faith    .    n - +3 kite shield of the Harvest {Fly rC++}
rNeg    + . .      Spirit   .    s - +0 ring mail
rPois   .          Reflect  .    (helmet unavailable)
rElec   .          Harm     .    (no cloak)
rCorr   .          Rampage  .    (no gloves)
Will    +....                    (no boots)
Stlth   +.........               (no amulet)
HPRegen 0.14/turn                k - ring of positive energy
MPRegen 0.10/turn                q - ring of willpower

@: flying
A: permanent stasis, dig shafts and tunnels, antennae 3, four strong arms
a: Dig, Shaft Self, Renounce Religion


You were on level 4 of the Dungeon.
You worshipped Hepliaklqana.
Hepliaklqana was noncommittal.
You visited 2 branches of the dungeon, and saw 5 of its levels.

You collected 290 gold pieces.

Inventory:

Hand Weapons
 a - a +0 shortbow (weapon)
 b - the +5 scythe "Finisher" {speed, eviscerate}
   (You found it on level 2 of the Dungeon)

   Attacks with this weapon are significantly faster.
   It may eviscerate those it strikes, slaying them instantly, with a decreasing
   chance against stronger foes.
 j - a +0 dagger
 l - a +0 sling
Armour
 c - a +0 leather armour
 n - the +3 kite shield of the Harvest (worn) {Fly rC++}
   (You found it on level 2 of the Dungeon)

   rC:        It greatly protects you from cold.
   Fly:       It grants you flight.
 s - a +0 ring mail (worn)
Jewellery
 g - a ring of fire
 k - a ring of positive energy (left hand)
 q - a ring of willpower (right hand)
 r - a +6 ring of strength
 x - a ring of wizardry
Wands
 o - a wand of polymorph (4)
 u - a wand of roots (8)
Scrolls
 d - 2 scrolls of teleportation
 m - a scroll of magic mapping {unknown}
 p - 2 scrolls of immolation
 v - a scroll of amnesia {unknown}
Potions
 e - a potion of magic {unknown}
 f - a potion of heal wounds {unknown}
 h - a potion of brilliance
 i - 2 potions of curing
 t - a potion of ambrosia {unknown}
 w - a potion of lignification


   Skills:
 - Level 2.1 Fighting
 + Level 7.4 Ranged Weapons
 - Level 1.7 Dodging
 - Level 1.2 Stealth
 * Level 2.7 Shields


You had 5 spell levels left.
You didn't know any spells.
Your spell library was empty.

Dungeon Overview and Level Annotations

Branches:
Dungeon (4/15)             Temple (1/1) D:4

Altars:
Ashenzari
Dithmenos
Elyvilon
Fedhas
Gozag
Hepliaklqana
Kikubaaqudgha
Makhleb
Nemelex Xobeh
Okawaru
Qazlal
Sif Muna
Trog
Uskayaw
Vehumet
Wu Jian
Xom
Zin

Shops:
D:4 *[

Annotations:
D:1 exclusion: downstairs


Innate Abilities, Weirdness & Mutations

You cannot be hasted, slowed, berserked, paralysed or teleported.
You can dig through walls and to a lower floor.
You have a pair of large antennae on your head. (SInv)
Your four strong arms can wield two-handed weapons with a shield.


Message History

You shoot an arrow. The arrow closely misses the iguana.
You block the ball python's attack. The ball python barely misses you.
The ball python bites you. You block the ball python's attack.
The iguana hisses menacingly.
The iguana barely misses you.
You shoot an arrow.
The arrow hits the iguana but does no damage.
The iguana is lightly wounded.
You block the ball python's attack. The ball python grabs you.
The ball python constricts you. The iguana bites you!
The ball python bites you but does no damage.
The ball python constricts you.
You shoot an arrow. The arrow hits the ball python!
You kill the ball python!
You block the iguana's attack. The iguana bites you!
You shoot an arrow. The arrow hits the iguana.
The iguana is moderately wounded.
The iguana bites you!
* * * LOW HITPOINT WARNING * * *
You are too injured to fight recklessly!
You are too injured to fight recklessly!
Fire: a) +0 shortbow
Press: ? - help, Q - select action, (/) - cycle Shift-Dir - straight line, f/p - iguana
Aim: an iguana (moderately wounded, 69% to hit)
You shoot an arrow. The arrow completely misses the iguana.
You block the iguana's attack. The iguana bites you!
* * * LOW HITPOINT WARNING * * *
Fire: a) +0 shortbow
Press: ? - help, Q - select action, (/) - cycle Shift-Dir - straight line, f/p - iguana
Aim: an iguana (moderately wounded, 69% to hit)
You shoot an arrow.
The arrow hits the iguana but does no damage.
The iguana is moderately wounded.
You block the iguana's attack.
Fire: a) +0 shortbow
Press: ? - help, Q - select action, (/) - cycle Shift-Dir - straight line, f/p - iguana
Aim: an iguana (moderately wounded, 69% to hit)
You shoot an arrow. The arrow closely misses the iguana.
The iguana bites you!
You die...

########..###...##
..'........#.....#
..#........#....########
.##........#....#.......
.##...###+####+##.......
>.#...#.................
..#...#.................
#######..............#
................@....#
.......##########l...#
.......#........#....#
.......#........#....#
##.....#........#....#
.#.....'........#....+
.#.....#........#....#
##.....##..####.#....#
........#..####'##


You could see an iguana.

Vanquished Creatures
  A scorpion (D:3)
  A necrophage (D:4)
  An iguana (D:4)
  2 orc wizards
  5 adders
  3 gnolls
  2 worms (D:2)
  3 dart slugs
  8 orcs
  7 ball pythons
  4 bats
  4 endoplasms
  2 giant cockroaches
  10 goblins
  6 hobgoblins
  2 jackals (D:4)
  5 quokkas
  6 frilled lizards
  4 kobolds
  2 rats
78 creatures vanquished.

Notes
Turn   | Place    | Note
-------+----------+-------------------------------------------
     0 | D:1      | jimonade the Formicid Hunter began the quest for the Orb.
     0 | D:1      | Reached XP level 1. HP: 16/16 MP: 1/1
    55 | D:1      | Reached XP level 2. HP: 22/22 MP: 2/2
   217 | D:1      | Found a faded altar of an unknown god.
   373 | D:1      | Reached XP level 3. HP: 27/27 MP: 3/3
   814 | D:2      | Reached skill level 5 in Ranged Weapons
   858 | D:2      | Reached XP level 4. HP: 29/33 MP: 4/4
  1070 | D:2      | Found the +5 scythe "Finisher" {speed, eviscerate}
  1189 | D:2      | Identified the +3 kite shield of the Harvest {Fly rC++}
  1593 | D:2      | Reached XP level 5. HP: 35/38 MP: 5/5
  1599 | D:2      | Reached skill level 6 in Ranged Weapons
  1824 | D:3      | Reached skill level 1 in Shields
  2088 | D:3      | Found a white marble altar of Elyvilon.
  2143 | D:3      | Reached XP level 6. HP: 44/44 MP: 6/6
  2693 | D:4      | Reached skill level 7 in Ranged Weapons
  2747 | D:4      | Found a staircase to the Ecumenical Temple.
  2759 | Temple   | Entered the Ecumenical Temple
  2759 | Temple   | Found a transporter.
  2759 | Temple   | Found a transporter.
  2761 | Temple   | Found a transporter.
  2761 | Temple   | Found a transporter.
  2844 | D:4      | Found a hazy altar of Hepliaklqana.
  2844 | D:4      | Found a blossoming altar of Fedhas.
  2847 | D:4      | Found an iron altar of Okawaru.
  2848 | D:4      | Became a worshipper of Hepliaklqana the Forgotten
  2852 | D:4      | Found a shimmering blue altar of Sif Muna.
  2852 | D:4      | Found a stormy altar of Qazlal.
  2858 | D:4      | Found a sparkling altar of Nemelex Xobeh.
  2863 | D:4      | Found an ornate altar of the Wu Jian Council.
  3077 | D:4      | Found Noosask's Armour Boutique.
  3078 | D:4      | Found Hiecot's General Store.
  3230 | D:4      | Found an opulent altar of Gozag.
  3321 | D:4      | Slain by an iguana

Illustrated notes

Levels and vault maps discovered:
D:1:      minmay_arrival_semitransparent, layout_basic,
          dreamdust_ecumenical_altar_grove, serial_bayou_pond_d, hex_large
D:2:      layout_rooms
D:3:      layout_rooms, amcnicky_altar_gilded
D:4:      layout_gridville, nicolae_gozag_cash_rules_everything_around_me,
          nicolae_overflow_hallway_of_the_gods, temple_fountains,
          nicolae_wooded_promenade
Temple:   hellmonk_temple_divided_pantheon

Skill      XL: |  1  2  3  4  5  6 |
---------------+-------------------+-----
Ranged Weapons | 5 6 7 |  7.4
Shields        | 1 2 |  2.7
Fighting       | |  2.1
Dodging        | |  1.7
Stealth        | |  1.2

Action                   |  1- 3 |  4- 6 || total
-------------------------+-------+-------++-------
 Fire: Shortbow          |    66 |   194 ||   260
 Abil: Dig               |       |     1 ||     1
  Use: Scroll            |     2 |     4 ||     6
Armor: Leather armour    |     5 |       ||     5
       Ring mail         |       |     9 ||     9
Dodge: Dodged            |    10 |    22 ||    32
Block: Kite shield       |       |    47 ||    47

Table legend: (Time is in decaauts)
 A = Elapsed time spent in this place.
 B = Non-inter-level travel time spent in this place.
 C = Inter-level travel time spent in this place.
 D = Time resting spent in this place.
 E = Time spent auto-exploring this place.
 F = Levels seen in this place.
 G = Mean time per level.
                   A        B        C        D        E       F      G
               +--------+--------+--------+--------+--------+-----+--------+
         Total |   3416 |   3237 |    179 |    249 |   2170 |   5 |  683.2 |
       Dungeon |   3379 |   3209 |    170 |    249 |   2162 |   4 |  844.8 |
        Temple |     36 |     27 |      9 |      0 |      8 |   1 |   36.0 |
               +--------+--------+--------+--------+--------+-----+--------+

Top non-repeatable levels by time:
     D:1: 1164 daAuts
     D:3: 896 daAuts
     D:2: 690 daAuts
     D:4: 629 daAuts
  Temple: 36 daAuts
